 Dungeon Sprint DCSS version 0.22.1-1-ga44c0e56f4 (webtiles) character file.

435 Freyura the Slicer (level 6, -5/53 HPs)
             Began as a Vampire Monk on Oct 5, 2018.
             Slain by a slime creature (6 damage)
             ... in the Dungeon (Sprint I: "Red Sonja").
             The game lasted 00:02:40 (384 turns).

Freyura the Slicer (Vampire Monk)                    Turns: 384, Time: 00:02:41

Health: -5/53      AC:  6    Str: 10    XL:     6   Next: 68%
Magic:  6/6        EV: 17    Int: 13    God:
Gold:   167        SH:  0    Dex: 18    Spells: 5/5 levels left

rFire    . . .     SeeInvis +   a - +0 short sword
rCold    + . .     Gourm    .   (no shield)
rNeg     + . .     Faith    .   j - +3 leather armour {rC+}
rPois    .         Spirit   .   (no helmet)
rElec    .         Reflect  .   (no cloak)
rCorr    .         Harm     .   (no gloves)
MR       .....     NoTele   +   (no boots)
Stlth    +++++.....             (no amulet)
HPRegen  0.17/turn              (no ring)
MPRegen  0.10/turn              (no ring)

@: no status effects
A: fangs 3, see invisible, unbreathing
a: Bat Form


You were in the Dungeon.
You were not thirsty.

You visited 1 branch You collected 167 gold pieces.

Inventory:

Hand Weapons
 a - a +0 short sword (weapon)
Armour
 b - a +0 robe
 j - a +3 leather armour of cold resistance (worn)
Wands
 h - a wand of polymorph (7)
Scrolls
 i - a scroll of blinking
Potions
 c - a potion of blood
 d - a potion of curing
 e - a potion of brilliance {unknown}
 f - a potion of haste
 g - 2 potions of magic


   Skills:
 + Level 6.5 Fighting
 * Level 10.4 Short Blades
 + Level 7.8 Dodging
 + Level 10.4 Stealth


You had 5 spell levels left.
You didn't know any spells.
Your spell library was empty.

Dungeon Overview and Level Annotations

Branches:
Dungeon (1/1)

Altars:
Cheibriados
Dithmenos
Elyvilon
Fedhas
Gozag
Hepliaklqana
Kikubaaqudgha
Makhleb
Okawaru
Qazlal
Ru
Sif Muna
Trog
Uskayaw
Vehumet
Wu Jian
Xom
Yredelemnul
Zin
The Shining One
Jiyva
Lugonu

Shops:
D ?


Innate Abilities, Weirdness & Mutations

You have razor-sharp teeth.
You have supernaturally acute eyesight. (SInv)
You can survive without breathing.


Message History

You hit the slime creature.
You bite the slime creature, but do no damage.
The slime creature is moderately wounded.
The slime creature hits you!
You hit the slime creature.
The slime creature is moderately wounded.
You completely miss the slime creature.
The slime creature is moderately wounded.
The slime creature hits you but does no damage.
You hit the slime creature.
The slime creature is heavily wounded.
You puncture the slime creature!
You bite the slime creature, but do no damage.
The slime creature is heavily wounded.
The slime creature hits you!!
* * * LOW HITPOINT WARNING * * *
You hit the slime creature.
The slime creature is heavily wounded.
The slime creature hits you.
You die...

################ ##
#<.#..'..#..'..#__#
#..÷..#.)').#.@J..+
#..#####'#####'#__#
#..# #..# #|# ##
#..#__#### ##.#
#..#_____##+#_.+
#⌠⌠#_.∩...'..._#
####_..__##_.#+#
#____ ##+# ####


You could see a slime creature.

Vanquished Creatures
  Sigmund (D)
  A yak (D)
  An ogre (D)
  A jelly (D)
  Ijyb (D)
5 creatures vanquished.

Notes
Turn   | Place    | Note
-------+----------+-------------------------------------------
     0 | D        | Freyura the Vampire Monk began the quest for the Orb.
     0 | D        | Reached XP level 1. HP: 17/17 MP: 1/1
     1 | D        | Noticed Ijyb
    46 | D        | Killed Ijyb
    46 | D        | Reached skill level 5 in Short Blades
    46 | D        | Reached XP level 2. HP: 5/24 MP: 2/2
   288 | D        | Noticed an ogre
   298 | D        | Killed an ogre
   298 | D        | Reached skill level 5 in Dodging
   298 | D        | Reached XP level 3. HP: 31/31 MP: 3/3
   298 | D        | Reached XP level 4. HP: 38/38 MP: 4/4
   300 | D        | Noticed Sigmund
   307 | D        | Killed Sigmund
   307 | D        | Reached skill level 5 in Fighting
   307 | D        | Reached XP level 5. HP: 46/46 MP: 5/5
   350 | D        | Found an ornate altar of the Wu Jian Council.
   350 | D        | Found a deep blue altar of Sif Muna.
   352 | D        | Found a radiant altar of Vehumet.
   356 | D        | Reached XP level 6. HP: 52/52 MP: 6/6
   359 | D        | Found Bomieb's Magic Scroll Emporium.
   359 | D        | Found an ancient bone altar of Kikubaaqudgha.
   359 | D        | Found a hazy altar of Hepliaklqana.
   359 | D        | Found a stormy altar of Qazlal.
   359 | D        | Found a hide-covered altar of Uskayaw.
   359 | D        | Found a blossoming altar of Fedhas.
   359 | D        | Found a bloodstained altar of Trog.
   359 | D        | Found an iron altar of Okawaru.
   359 | D        | Found a basalt altar of Yredelemnul.
   359 | D        | Found a glowing golden altar of the Shining One.
   359 | D        | Found a snail-covered altar of Cheibriados.
   359 | D        | Found a sacrificial altar of Ru.
   359 | D        | Found a glowing silver altar of Zin.
   359 | D        | Found a shadowy altar of Dithmenos.
   359 | D        | Found a white marble altar of Elyvilon.
   359 | D        | Noticed a yak
   360 | D        | Found an opulent altar of Gozag.
   361 | D        | Killed a yak
   361 | D        | Reached skill level 10 in Short Blades
   361 | D        | Reached skill level 10 in Stealth
   370 | D        | Found a burning altar of Makhleb.
   370 | D        | Found a viscous altar of Jiyva.
   370 | D        | Found a shimmering altar of Xom.
   370 | D        | Found a corrupted altar of Lugonu.
   370 | D        | Noticed a slime creature
   383 | D        | HP: 1/53 [slime creature (18)]
   384 | D        | Slain by a slime creature

Skill      XL: |  1  2  3  4  5  6 |
---------------+-------------------+-----
Fighting       | 3 4 5 6 |  6.5
Short Blades   | 5 7 9 10 | 10.4
Dodging        | 4 5 6 7 |  7.8
Stealth        | 4 7 9 10 | 10.4

Action                   |  1- 3 |  4- 6 || total
-------------------------+-------+-------++-------
Melee: Short sword       |    51 |    20 ||    71
       Bite              |     9 |     4 ||    13
  Use: Potion            |     1 |     1 ||     2
 Stab: Sleeping          |       |     2 ||     2
Armor: Robe              |     7 |       ||     7
       Leather armour    |       |     2 ||     2
Dodge: Dodged            |    23 |     4 ||    27
